 Dungeon Crawl Stone Soup version 0.31-a0-180-g519b7de00c (webtiles) character file.

Game seed: 16009565383598428082

10980 AvylaarBelgium the Thaumaturge (level 11, -2/54 HPs)
             Began as a Deep Elf Conjurer on June 20, 2023.
             Slain by a yak (14 damage)
             ... on level 1 of the Lair of Beasts.
             The game lasted 00:36:27 (9957 turns).

AvylaarBelgium the Thaumaturge (Deep Elf Conjurer)  Turns: 9957, Time: 00:36:27

Health: -2/54      AC:  6    Str:  4    XL:     11   Next: 43%
Magic:  1/31       EV: 12    Int: 28    God:
Gold:   460        SH:  0    Dex: 13    Spells: 18/38 levels left

rFire   . . .        t - +6 spear "Vuakhloc" {flame, rElec}
rCold   . . .        (no shield)
rNeg    . . .        a - +0 robe
rPois   +            k - +0 hat
rElec   +            i - +0 cloak
rCorr   .            (no gloves)
SInv    .            s - +2 pair of boots
Will    +....        (no amulet)
Stlth   ++           E - ring of poison resistance
HPRegen 0.29/turn    (no ring)
MPRegen 0.22/turn

%: no passive effects
@: hasted, very quick
A: no striking features
a: no special abilities


You were on level 1 of the Lair of Beasts.
You visited 2 branches of the dungeon, and saw 12 of its levels.

You collected 736 gold pieces.
You spent 276 gold pieces at shops.

Inventory:

Hand Weapons
 l - the +6 dagger "Weximugedi" {heavy, Stlth+}
   (You found it on level 3 of the Dungeon)

   Stlth:     It makes you more stealthy.
 t - the +6 spear "Vuakhloc" (weapon) {flame, rElec}
   (You found it on level 5 of the Dungeon)

   rElec:     It insulates you from electricity.
 x - a +2 war axe of distortion
 C - the +7 trident of Invincibility {heavy, rC+ Str+4}
   (You found it on level 6 of the Dungeon)

   Str:       It affects your strength (+4).
   rC:        It protects you from cold.
 P - a +4 scimitar of flaming
Missiles
 q - 2 throwing nets
Armour
 a - a +0 robe (worn)
 i - a +0 cloak (worn)
 k - a +0 hat (worn)
 p - a +0 kite shield
 s - a +2 pair of boots (worn)
 y - +0 acid dragon scales
Magical Staves
 L - a staff of fire
Jewellery
 E - a ring of poison resistance (left hand)
 M - a +6 ring of strength
Wands
 d - a wand of flame (7)
 z - a wand of charming (12)
 B - a wand of iceblast (13)
 D - a wand of mindburst (13)
 H - a wand of quicksilver (20)
Scrolls
 c - 3 scrolls of enchant armour
 f - 2 scrolls of immolation
 g - 3 scrolls of revelation
 h - 4 scrolls of teleportation
 j - a scroll of amnesia
 n - 4 scrolls of noise
 o - 3 scrolls of fog
 r - a scroll of torment
 w - 2 scrolls of fear
 I - 2 scrolls of enchant weapon {unknown}
 K - 2 scrolls of identify
Potions
 b - a potion of magic
 e - 4 potions of curing
 u - 2 potions of might
 v - 5 potions of heal wounds
 A - a potion of berserk rage
 G - a potion of lignification
 J - 2 potions of mutation {unknown}
 N - a potion of enlightenment {unknown}
 O - a potion of attraction {unknown}
 Q - a potion of resistance {unknown}


   Skills:
 - Level 2.4 Dodging
 - Level 2.4 Stealth
 - Level 14.2 Spellcasting
 - Level 12.5 Conjurations
 + Level 7.6 Fire Magic
 + Level 7.6 Ice Magic


You had 18 spell levels left.
You knew the following spells:

 Your Spells              Type           Power      Damage    Failure   Level
a - Magic Dart            Conj           100%       1d8       0%          1
b - Searing Ray           Conj           100%       2d8       1%          2
c - Fulminant Prism       Conj/Hex       26%        3d13      1%          4
d - Iskenderun's Mystic   Conj/Tloc      53%        2d11      1%          4
e - Flame Wave            Conj/Fire      67%        2d15      1%          4
f - Freezing Cloud        Conj/Ice/Air   27%        6-21      4%          5

Your spell library contained the following spells:

 Spells                   Type           Power      Damage    Failure   Level
 Scorch                   Fire           100%       2d9       1%          2
 Dazzling Flash           Conj/Hex       100%       N/A       1%          3
 Mephitic Cloud           Conj/Pois/Air  43%        N/A       1%          3
 Poisonous Vapours        Pois/Air       38%        N/A       4%          2
 Irradiate                Conj/Tmut      26%        3d20      5%          5
 Tukima's Dance           Hex            19%        N/A       8%          3
 Passage of Golubria      Tloc           19%        N/A       26%         4
 Blade Hands              Tmut           9%         N/A       58%         5
 Yara's Violent Unravell  Hex/Tmut       9%         3d6       58%         5
 Summon Cactus Giant      Summ           9%         N/A       99%         6
 Dragon Form              Tmut           9%         N/A       100%        7


Dungeon Overview and Level Annotations

Branches:
Dungeon (11/15)              Lair (1/5) D:8             Orc (0/2) D:9
 Temple: D:4-7

Altars:
Hepliaklqana
Okawaru
Ru
Sif Muna
Trog
Wu Jian

Shops:
D:3 *   D:5 *

Annotations:
D:5 exclusion: downstairs
D:9 3 runed translucent doors, exclusion: 2 downstairs, fly's ghost, journeyman DgDe


Message History

Press: ? - help, Dir - move target You conjure a prism of explosive energy!
A fulminant prism comes into view.
Your fulminant prism crackles loudly.
The yak gores your fulminant prism.
A yak comes into view.
Your fulminant prism explodes!
The blast of energy engulfs the yak!
The yak is moderately wounded.
A yak comes into view.
The yak bellows!
You hear an angry hiss.
You hear a loud, deep croak!
The yak attacks as you move away! The yak gores you!
The yak attacks as you move away! The yak barely misses you.
The yak attacks as you move away! The yak gores you.
A bullfrog comes into view.
The bullfrog croaks.
The bullfrog moves out of view.
The yak attacks as you move away! The yak closely misses you.
You hear the beating of a very distant drum.
The bullfrog hits you but does no damage.
The yak attacks as you move away! The yak gores you. The bullfrog hits you!
Casting: Fulminant Prism (dangerous; 1% risk of failure)
Confirm with . or Enter, or press ? or * to list all spells.
You erupt in a blast of force!
The mystic blast hits the yak but does no damage.
The yak is moderately wounded.
The mystic blast hits the bullfrog!!
The bullfrog is almost dead.
The bullfrog is knocked back by the mystic blast.
The bullfrog collides with the yak!
The yak is moderately wounded.
You kill the bullfrog!
You hear a bellow!
Unknown command.
Okay, then.
You feel yourself speed up. The yak gores you!
* * * LOW HITPOINT WARNING * * *
The yak gores you!
You die...

###.##### ##.## ##.##
#...#.#.####...# #..#
#.............## ##.#
#...######.#### #.# ##..##
### ##.# #...# ######## #..#
#..## #.#.##.####.# ..## ####
#.......###.#####..
#..###..###.###.@Y.†.........
P.##...........Y..##...#####.
.............#.####....#
........###.##.#####...#
..##.#.#######.##.#...##
#.##...PP...........Y.#
#.##......#.##..#P##.#.#
#.#.......####..####.###
......#....l....# #..#


You could see 2 yaks.

Vanquished Creatures
  Erica (D:8)
  A two-headed ogre (D:9)
  An ugly thing (D:11)
  A cane toad (Lair:1)
  A gargoyle (D:10)
  Maggie (D:6)
  A komodo dragon (D:8)
  2 trolls
  A shadow (D:9)
  A wraith (D:10)
  22 yaks
  Menkaure (D:5)
  2 acid dragons
  3 water moccasins
  2 orc warriors
  3 sky beasts
  4 black bears
  2 ice beasts
  5 centaurs
  3 ogres
  A phantom (D:5)
  8 bullfrogs
  5 scorpions
  A necrophage (D:5)
  6 killer bees (D:10)
  An electric eel (D:10)
  4 howler monkeys
  5 orc priests
  A gnoll bouda (D:6)
  A jelly (D:5)
  2 sleepcaps
  3 orc wizards
  6 iguanas
  9 gnolls
  8 adders
  4 shadow imps
  3 white imps
  3 worms
  A dart slug (D:4)
  15 orcs
  5 bats
  5 endoplasms
  2 giant cockroaches
  5 goblins
  7 hobgoblins
  2 jackals (D:2)
  2 quokkas (D:1)
  6 ball pythons
  3 frilled lizards
  3 kobolds (D:4)
  8 rats
193 creatures vanquished.

Vanquished Creatures (others)
  99 fulminant prisms
99 creatures vanquished.

Grand Total: 292 creatures vanquished

Notes
Turn   | Place    | Note
-------+----------+-------------------------------------------
     0 | D:1      | AvylaarBelgium the Deep Elf Conjurer began the quest for
                  | the Orb.
     0 | D:1      | Reached XP level 1. HP: 10/10 MP: 6/6
   276 | D:1      | Reached XP level 2. HP: 15/15 MP: 4/8
   603 | D:1      | Reached skill level 4 in Spellcasting
   633 | D:1      | Reached skill level 5 in Conjurations
   633 | D:1      | Reached XP level 3. HP: 19/19 MP: 4/10
  1490 | D:3      | Identified the +6 dagger "Weximugedi" {heavy, Stlth+}
  1694 | D:3      | Reached XP level 4. HP: 24/24 MP: 3/12
  1732 | D:3      | Found Obexar's General Store.
  1742 | D:3      | Bought a potion of curing for 42 gold pieces
  1742 | D:3      | Bought a scroll of noise for 14 gold pieces
  1868 | D:3      | Found a bloodstained altar of Trog.
  1918 | D:4      | Noticed a scorpion
  1927 | D:4      | Killed a scorpion
  1928 | D:4      | Reached skill level 5 in Spellcasting
  1982 | D:4      | Reached XP level 5. HP: 24/28 MP: 2/15
  2104 | D:4      | Noticed a phantom
  2327 | D:4      | Learned a level 2 spell: Searing Ray
  2332 | D:4      | Learned a level 4 spell: Fulminant Prism
  2337 | D:4      | Learned a level 4 spell: Iskenderun's Mystic Blast
  2369 | D:4      | Reached skill level 6 in Spellcasting
  2490 | D:5      | Entered Level 5 of the Dungeon
  2495 | D:5      | Reached XP level 6. HP: 19/32 MP: 2/17
  2613 | D:5      | Noticed an ice beast
  2620 | D:5      | Killed an ice beast
  2621 | D:5      | Reached skill level 7 in Spellcasting
  2731 | D:5      | Noticed Menkaure
  2741 | D:5      | Killed Menkaure
  2742 | D:5      | Reached XP level 7. HP: 36/36 MP: 11/20
  2838 | D:5      | Reached skill level 8 in Spellcasting
  2888 | D:5      | Identified the +6 spear "Vuakhloc" {flame, rElec}
  2995 | D:5      | Found Engibi's General Store.
  2998 | D:5      | Bought 2 potions of heal wounds for 110 gold pieces
  2998 | D:5      | Bought a scroll of identify for 22 gold pieces
  2998 | D:5      | Bought a scroll of fear for 44 gold pieces
  2998 | D:5      | Bought a scroll of fear for 44 gold pieces
  3249 | D:5      | Found an ornate altar of the Wu Jian Council.
  3276 | D:5      | Found a shimmering blue altar of Sif Muna.
  3320 | D:5      | Found a sacrificial altar of Ru.
  3376 | D:5      | Reached skill level 9 in Spellcasting
  3376 | D:5      | Reached XP level 8. HP: 41/41 MP: 17/23
  3546 | D:5      | Found an iron altar of Okawaru.
  3928 | D:6      | Noticed Maggie
  3947 | D:6      | Killed Maggie
  3948 | D:6      | Reached skill level 10 in Spellcasting
  4290 | D:6      | Found a hazy altar of Hepliaklqana.
  4454 | D:6      | Identified the +7 trident of Invincibility {heavy, rC+
                  | Str+4}
  4834 | D:7      | Reached skill level 11 in Spellcasting
  4883 | D:7      | Reached skill level 10 in Conjurations
  4912 | D:7      | Reached XP level 9. HP: 38/45 MP: 19/26
  5362 | D:7      | Reached skill level 12 in Spellcasting
  5708 | D:8      | Learned a level 4 spell: Flame Wave
  5714 | D:8      | Learned a level 5 spell: Freezing Cloud
  5764 | D:8      | Noticed a komodo dragon
  5775 | D:8      | Killed a komodo dragon
  5855 | D:8      | Reached skill level 13 in Spellcasting
  6222 | D:8      | You fall into a shaft and drop 3 floors!
  6298 | D:11     | Noticed a cyan ugly thing
  6306 | D:11     | Killed a cyan ugly thing
  6340 | D:11     | Reached XP level 10. HP: 25/50 MP: 16/29
  6340 | D:10     | Entered Level 10 of the Dungeon
  6460 | D:10     | Noticed a gargoyle
  6492 | D:9      | Found a staircase to the Orcish Mines.
  6554 | D:9      | Reached skill level 14 in Spellcasting
  6689 | D:9      | Found a runed translucent gate.
  6689 | D:9      | Found a runed translucent gate.
  6689 | D:9      | Found a runed translucent gate.
  6689 | D:9      | Noticed a spectral centaur warrior
  6691 | D:9      | Noticed fly's ghost (journeyman DgDe)
  6825 | D:9      | Noticed a two-headed ogre
  6837 | D:9      | Killed a two-headed ogre
  7966 | D:10     | Reached skill level 5 in Fire Magic
  7966 | D:10     | Reached skill level 5 in Ice Magic
  7973 | D:10     | Reached XP level 11. HP: 40/54 MP: 8/31
  8974 | D:8      | Found a staircase to the Lair.
  9149 | D:8      | Noticed Erica
  9159 | D:8      | Killed Erica
  9799 | Lair:1   | Entered Level 1 of the Lair of Beasts
  9957 | Lair:1   | Slain by a yak

Illustrated notes

Levels and vault maps discovered:
D:1:      dpeg_arrival_round_b, layout_loops_ring, serial_aquarium,
          aquarium_bridge_straight [aquarium_subvault_bridge,
          aquarium_subvault_window, aquarium_subvault_bridge,
          aquarium_subvault_window], aquarium_bridge_island_small
          [aquarium_subvault_small_open, aquarium_subvault_bridge,
          aquarium_subvault_window, aquarium_subvault_bridge,
          aquarium_subvault_bridge], aquarium_window_corner, aquarium_window_1,
          aquarium_window_1, aquarium_view_2b, aquarium_view_2c,
          nicolae_grassy_gnolls
D:2:      layout_basic
D:3:      layout_rooms, mainiacjoe_overflow_six_doors_small, serial_shops, shop,
          kennysheep_boxes
D:4:      layout_cave_pools, lemuel_mausoleum_altar_kikubaaqudgha,
          mainiacjoe_overflow_surrounded_room, minmay_temple_entry_grid,
          dk_noncrumbling_3, minmay_ruined_shrine
D:5:      layout_loops_ring, marbit_many_paths, mainiacjoe_overflow_alcove_1,
          kennysheep_mini_moat, mainiacjoe_overflow_paths, serial_shops, shop,
          uniq_menkaure
D:6:      layout_basic, nzn_hepliaklqana_mist_gate, uniq_maggie
D:7:      layout_loops_ring, serial_glass, glass_columns_c, glass_columns_b,
          item_on_display_a, item_on_display_a, minmay_strange_pillars,
          feat_on_display, minmay_starry_boxes
D:8:      layout_layer_cave, grunt_lair_entry_orc_guard_hut, uniq_erica
D:9:      layout_stronghold, orc_0_dummy, gammafunk_ghost_necromancy,
          kennysheep_path_1
D:10:     layout_basic, grunt_ministairs_15, dk_noncrumbling_4,
          serial_bayou_ford_a
D:11:     layout_cave_pods
Lair:1:   layout_loops_ring, gauntlet_entry_generic

Skill      XL: |  1  2  3  4  5  6  7  8  9 10 11 |
---------------+----------------------------------+-----
Spellcasting   | 4 5 6 7 9 11 13 14 | 14.2
Conjurations   | 5 6 7 8 10 11 12 | 12.5
Fire Magic     | 5 7 |  7.6
Ice Magic      | 5 7 |  7.6
Dodging        | |  2.4
Stealth        | |  2.4

Action                     |  1- 3 |  4- 6 |  7- 9 | 10-12 || total
---------------------------+-------+-------+-------+-------++-------
  Melee: Dagger            |     1 |     5 |     4 |     4 ||    14
         Spear             |       |       |       |     5 ||     5
   Cast: Magic Dart        |    71 |    82 |    28 |     9 ||   190
         Searing Ray       |       |     5 |    30 |     9 ||    44
         Fulminant Prism   |       |     2 |    46 |    51 ||    99
         Iskenderun's Myst |       |       |     1 |    23 ||    24
         Freezing Cloud    |       |       |       |     2 ||     2
         Flame Wave        |       |       |       |     1 ||     1
  Evoke: Wand              |       |       |     1 |     2 ||     3
    Use: Scroll            |       |       |    11 |     2 ||    13
         Potion            |       |       |     1 |     3 ||     4
   Stab: Sleeping          |     1 |       |       |       ||     1
 Armour: Robe              |       |     6 |     7 |    13 ||    26
  Dodge: Dodged            |     4 |    26 |    23 |    28 ||    81

Table legend: (Time is in decaauts)
 A = Elapsed time spent in this place.
 B = Non-inter-level travel time spent in this place.
 C = Inter-level travel time spent in this place.
 D = Time resting spent in this place.
 E = Time spent auto-exploring this place.
 F = Levels seen in this place.
 G = Mean time per level.
                   A        B        C        D        E       F      G
               +--------+--------+--------+--------+--------+-----+--------+
         Total |   9985 |   9614 |    371 |   1926 |   6186 |  12 |  832.1 |
       Dungeon |   9826 |   9455 |    371 |   1926 |   6089 |  11 |  893.3 |
          Lair |    158 |    158 |      0 |      0 |     97 |   1 |  158.0 |
               +--------+--------+--------+--------+--------+-----+--------+

Top non-repeatable levels by time:
     D:9: 1692 daAuts
     D:8: 1399 daAuts
     D:5: 1383 daAuts
     D:6: 948 daAuts
    D:10: 911 daAuts
     D:7: 882 daAuts
     D:2: 745 daAuts
     D:1: 737 daAuts
     D:4: 511 daAuts
     D:3: 496 daAuts
  Lair:1: 158 daAuts
    D:11: 117 daAuts
